 Dungeon Crawl Stone Soup version 0.31-a0-1499-ge0622b2318 (webtiles) character file.

Game seed: 2845054505520893722

5453 jasper the Grappler (level 10, 0/102 HPs)
             Began as a Naga Shapeshifter on Dec 29, 2023.
             Was a Follower of Cheibriados.
             Slain by an orc
             ... wielding a +0 trident
              (4 damage)
             ... on level 9 of the Dungeon.
             The game lasted 00:14:39 (10061 turns).

jasper the Grappler (Naga Shapeshifter)            Turns: 10061, Time: 00:14:39

Health: 0/102      AC:  7    Str: 24    XL:     10   Next: 68%
Magic:  19/19      EV:  6    Int: 13    God:    Cheibriados [*.....]
Gold:   402        SH:  5    Dex: 14    Spells: 9/9 levels left

rFire   . .          .
                       - Unarmed
rCold   . . .        q - +1 buckler
rNeg    . . .        e - +0 chain mail
rPois   +            (helmet currently unavailable)
rElec   .            (cloak currently unavailable)
rCorr   .            (gloves currently unavailable)
SInv    +            (no barding)
Will    +....        (no amulet) Stlth
                     b - ring of magical power
HPRegen 0.37/turn    (no ring)
MPRegen 0.16/turn

%: no passive effects
@: beast-form, studying Fighting, very slow
A: beast (slay +4), AC +3, large, see invisible, deformed body, poison
resistance, slowness 2, spit poison 1, naga tail 1
a: Spit Poison, Begin Untransformation, Renounce Religion, Bend Time


You were on level 9 of the Dungeon.
You worshipped Cheibriados.
Cheibriados was aware of your devotion.
You were a hulking beast.
You visited 2 branches of the dungeon, and saw 11 of its levels.

You collected 564 gold pieces.
You spent 162 gold pieces at shops.

Inventory:

Missiles
 g - 62 stones
 h - 8 boomerangs
Armour
 a - a +0 animal skin
 e - a +0 chain mail (worn)
 f - a +0 helmet
 q - a +1 buckler (worn)
 x - a +0 pair of gloves
 y - a +0 cloak
 B - a +2 hat
Jewellery
 b - a ring of magical power (left hand)
 D - a +4 ring of protection
Talismans
 c - a beast talisman
 d - a flux talisman
 A - a serpent talisman
Wands
 r - a wand of roots (18)
 w - a wand of flame (26)
 C - a wand of charming (8)
Scrolls
 m - 3 scrolls of identify
 o - a scroll of fog
 p - 5 scrolls of teleportation
 u - 5 scrolls of immolation
 v - a scroll of revelation
 E - a scroll of enchant weapon
 F - a scroll of amnesia
Potions
 i - 2 potions of cancellation
 j - a potion of brilliance
 k - a potion of haste
 l - a potion of mutation
 n - a potion of attraction
 s - a potion of lignification
 t - a potion of resistance
 z - 3 potions of heal wounds


   Skills:
 - Level 10.0 Fighting
 - Level 1.5 Dodging
 - Level 10.0 Unarmed Combat
 + Level 7.6 Shapeshifting


You had 9 spell levels left.
You didn't know any spells.
Your spell library contained the following spells:

 Spells                   Type           Power      Damage    Failure   Level
 Ensorcelled Hibernation  Hex/Ice        0%         N/A       98%         2
 Fugue of the Fallen      Necr           0%         N/A       100%        3
 Anguish                  Hex/Necr       0%         N/A       100%        4
 Conjure Ball Lightning   Conj/Air       0%         3x3d6     100%        6
 Discord                  Hex            0%         N/A       100%        8
 Disjunction              Tloc           0%         N/A       100%        8


Dungeon Overview and Level Annotations

Branches:
Dungeon (10/15)            Temple (1/1) D:7
   Lair: D:8-11         Orc: D:9-12

Altars:
Ashenzari
Cheibriados
Dithmenos
Elyvilon
Fedhas
Gozag
Hepliaklqana
Kikubaaqudgha
Makhleb
Nemelex Xobeh
Okawaru
Qazlal
Ru
Sif Muna
Trog
Uskayaw
Wu Jian
Xom
Yredelemnul
Zin
The Shining One

Shops:
D:4 [:?*:


Innate Abilities, Weirdness & Mutations

You are a hulking beast.
Your limbs bulge with bestial killing power. (Slay +4)
Your serpentine skin is tough. (AC +3)
You have supernaturally acute eyesight. (SInv)
Armour fits poorly on your strangely shaped body.
Your system is resistant to poisons. (rPois)
You cover ground very slowly.
You can spit poison.
You have a snake-like lower body.


Message History

The vampire is severely damaged.
The vampire hits you with a +0 trident! The vampire bites you.
The vampire draws strength from your injuries!
You take 18 damage, and have 53/102 hp.
You punch the vampire!
The vampire is almost destroyed.
The orc priest looks braver for a moment.
The vampire hits you with a +0 trident! You block the vampire's attack.
You take 12 damage, and have 41/102 hp.
You closely miss the vampire.
The vampire is almost destroyed.
The vampire hits you with a +0 trident. The vampire bites you!
* * * LOW HITPOINT WARNING * * *
The vampire draws strength from your injuries!
You take 12 damage, and have 29/102 hp.
You punch the vampire!
You destroy the vampire!
Cheibriados appreciates the change of pace.
The orc hits you but does no damage.
The orc priest invokes the aid of Beogh against you.
Beogh smites you!
* * * LOW HITPOINT WARNING * * *
The orc closely misses you.
Things that are here:
a +0 trident; a +0 leather armour; a +0 club You take 11 damage, and have 18/102 hp.
You closely miss the orc. You block the orc's attack.
An orc comes into view. It is wielding a +0 trident.
You punch the orc!
You kill the orc!
Cheibriados appreciates the change of pace.
You barely miss the orc priest. You block the orc priest's attack.
You closely miss the orc priest.
The orc priest hits you but does no damage.
You closely miss the orc priest.
The orc priest calls down the wrath of Beogh upon you.
Beogh smites you!
* * * LOW HITPOINT WARNING * * *
The orc hits you from afar with a +0 trident.
You die...

######.######
.....#.#....# . #
#.##.#.#<##.#
....#.####.##.#.####.#
.....ooh).>##.#......#
....#.####.#.........#
# # #....#....#....
#.........#.##.
#.#..#..#.#.#
.............#
#.##...##.#).#.# #
.....##.####.#
.##...##.. .#


You could see an orc priest and an orc.

Vanquished Creatures
  A two-headed ogre (D:8)
  Maurice (D:7)
  Prince Ribbit (D:5)
  A vampire (D:9)
  Sigmund (D:6)
  A wraith (D:8)
  A steam dragon (D:7)
  Menkaure (D:5)
  Edmund (D:5)
  2 ice beasts
  4 orc warriors
  2 black bears
  4 ogres
  3 centaurs
  3 phantoms
  2 kobold brigands
  Blork the orc (D:5)
  4 bullfrogs
  8 wights
  2 bombardier beetles (D:7)
  5 howler monkeys
  An orc priest (D:7)
  Crazy Yiuf (D:6)
  6 hounds
  2 jellies
  3 iguanas
  2 sleepcaps
  4 orc wizards
  2 howler monkey zombies (D:4)
  4 adders
  A ribbon worm (D:3)
  3 shadow imps (D:6)
  A white imp (D:7)
  2 ufetubi (D:5)
  3 adder zombies (D:4)
  2 adder skeletons (D:4)
  A dart slug (D:1)
  21 orcs
  11 ball pythons
  5 bats
  12 endoplasms
  8 giant cockroaches
  8 goblins
  7 hobgoblins
  8 jackals (D:4)
  9 quokkas
  5 frilled lizards
  16 kobolds
  5 rats
202 creatures vanquished.

Notes
Turn   | Place    | Note
-------+----------+-------------------------------------------
     0 | D:1      | jasper the Naga Shapeshifter began the quest for the Orb.
     0 | D:1      | Reached XP level 1. HP: 18/18 MP: 1/1
    73 | D:1      | Reached XP level 2. HP: 23/25 MP: 2/2
   300 | D:1      | Reached XP level 3. HP: 32/32 MP: 3/3
  1626 | D:3      | Reached XP level 4. HP: 33/40 MP: 4/4
  2324 | D:4      | Noticed an ogre
  2370 | D:4      | Noticed a phantom
  2392 | D:3      | Killed a phantom
  2393 | D:3      | Reached XP level 5. HP: 23/50 MP: 5/5
  2515 | D:4      | Noticed a phantom
  2545 | D:3      | Killed a phantom
  2546 | D:3      | Reached skill level 5 in Unarmed Combat
  2546 | D:3      | Reached XP level 6. HP: 18/57 MP: 6/6
  2844 | D:4      | Noticed an ice beast
  2865 | D:4      | Killed an ice beast
  3090 | D:4      | Reached skill level 5 in Fighting
  3090 | D:4      | Reached XP level 7. HP: 66/67 MP: 7/7
  3442 | D:4      | Found Fusaol's Antique Armour Boutique.
  3450 | D:4      | Found Qiacustrazur's Book Shop.
  3579 | D:4      | Found Gazang's Book Shoppe.
  3665 | D:4      | Found Toth's General Store.
  3668 | D:4      | Bought a scroll of teleportation for 42 gold pieces
  3734 | D:4      | Found Acvageh's Magic Scroll Emporium.
  3742 | D:4      | Bought a scroll of teleportation for 36 gold pieces
  3742 | D:4      | Bought a scroll of teleportation for 36 gold pieces
  3742 | D:4      | Bought a scroll of immolation for 48 gold pieces
  3776 | D:4      | Reached XP level 8. HP: 70/76 MP: 8/8
  4082 | D:5      | Entered Level 5 of the Dungeon
  4185 | D:5      | Noticed Edmund
  4213 | D:5      | Noticed Menkaure
  4214 | D:5      | Killed Edmund
  4217 | D:5      | HP: 1/78 [Menkaure/nerve-wracking pain (6)]
  4219 | D:5      | Killed Menkaure
  4611 | D:5      | Noticed Blork the orc
  4618 | D:5      | Killed Blork the orc
  5177 | D:5      | Noticed Prince Ribbit
  5185 | D:5      | Killed Prince Ribbit
  5743 | D:6      | Reached XP level 9. HP: 81/88 MP: 9/9
  6456 | D:6      | Noticed Sigmund
  6460 | D:6      | Killed Sigmund
  6643 | D:6      | Found a runed translucent door.
  6644 | D:6      | Noticed Crazy Yiuf
  6650 | D:6      | Killed Crazy Yiuf
  6704 | D:6      | Found a glowing silver altar of Zin.
  6985 | D:7      | Found a staircase to the Ecumenical Temple.
  6998 | Temple   | Entered the Ecumenical Temple
  7006 | Temple   | Became a worshipper of Cheibriados the Contemplative
  7315 | D:7      | Reached skill level 10 in Unarmed Combat
  7660 | D:7      | Found a bloodstained altar of Trog.
  7667 | D:7      | Found a stormy altar of Qazlal.
  7673 | D:7      | Found an ornate altar of the Wu Jian Council.
  7680 | D:7      | Found an ancient bone altar of Kikubaaqudgha.
  7706 | D:7      | Found a shadowy altar of Dithmenos.
  7713 | D:7      | Found a sacrificial altar of Ru.
  7719 | D:7      | Found an iron altar of Okawaru.
  7951 | D:7      | Noticed Maurice
  7961 | D:7      | Reached skill level 10 in Fighting
  7964 | D:7      | Killed Maurice
  7965 | D:7      | Reached XP level 10. HP: 102/102 MP: 10/10
  8343 | D:7      | Identified a scroll of acquirement
  8343 | D:7      | Acquired a manual of Fighting
  8369 | D:8      | Reached skill level 5 in Shapeshifting
  8685 | D:8      | Noticed a two-headed ogre
  8707 | D:8      | Killed a two-headed ogre
  8708 | D:8      | Reached * piety under Cheibriados
  9900 | D:10     | Entered Level 10 of the Dungeon
 10061 | D:9      | HP: 4/102 [orc priest/divine providence (15)]
 10061 | D:9      | Slain by an orc

Illustrated notes

Levels and vault maps discovered:
D:1:      psy_arrival_conway, layout_basic
D:2:      layout_basic
D:3:      layout_basic, serial_bayou_crossing
D:4:      layout_basic, serial_undead, serial_undead_f, serial_undead_b,
          serial_undead_f, serial_undead_e, serial_undead_e, serial_undead_e,
          serial_undead_e, serial_shops, shop, shop, nicolae_shop_tiny_glass,
          kennysheep_mini_moat, nicolae_square_shop
D:5:      layout_layer_cave, minmay_liquid_box, columned_hall_lemuel,
          uniq_edmund, uniq_menkaure, uniq_blork_the_orc, uniq_prince_ribbit1
D:6:      layout_loops_ring, zin_statuary, hangedman_abyss_or_decor_stabs,
          uniq_sigmund, uniq_crazy_yiuf_cottage
D:7:      layout_cave_pods, grunt_temple_overflow_octagram, temple_fountains,
          uniq_maurice
D:8:      layout_layer_cave
D:9:      layout_basic, vehumet_altar_wand_db, dpeg_lair_monsters, david_orc_2,
          serial_curves, eino_curves_03, eino_curves_02
D:10:     layout_loops_corners, uniq_lodul
Temple:   cyrus_circular_temple

Skill      XL: |  1  2  3  4  5  6  7  8  9 10 |
---------------+-------------------------------+-----
Fighting       | 2 3 4 5 6 7 10 | 10.0
Unarmed Combat | 4 5 6 8 10 | 10.0
Shapeshifting  | 4 7 |  7.6
Dodging        | |  1.5

Action                     |  1- 3 |  4- 6 |  7- 9 | 10-12 || total
---------------------------+-------+-------+-------+-------++-------
  Melee: Unarmed           |    78 |   101 |   273 |   118 ||   570
         Punch             |     2 |     1 |       |       ||     3
Ability: Spit Poison       |    33 |    10 |    46 |     9 ||    98
  Evoke: Wand              |       |       |    16 |       ||    16
    Use: Scroll            |     4 |     8 |     8 |     2 ||    22
         Potion            |       |     1 |       |     1 ||     2
 Armour: Animal skin       |    24 |       |       |       ||    24
         Chain mail        |    47 |    68 |   213 |    76 ||   404
         Skin              |       |     8 |       |     6 ||    14
  Dodge: Dodged            |    29 |    15 |    55 |    22 ||   121
  Block: Buckler           |       |    20 |    51 |    22 ||    93

Table legend: (Time is in decaauts)
 A = Elapsed time spent in this place.
 B = Non-inter-level travel time spent in this place.
 C = Inter-level travel time spent in this place.
 D = Time resting spent in this place.
 E = Time spent auto-exploring this place.
 F = Levels seen in this place.
 G = Mean time per level.
                   A        B        C        D        E       F      G
               +--------+--------+--------+--------+--------+-----+--------+
         Total |  13308 |  12770 |    538 |   1283 |   9690 |  11 | 1209.8 |
       Dungeon |  13284 |  12758 |    526 |   1283 |   9690 |  10 | 1328.4 |
        Temple |     24 |     12 |     12 |      0 |      0 |   1 |   24.0 |
               +--------+--------+--------+--------+--------+-----+--------+

Top non-repeatable levels by time:
     D:8: 2286 daAuts
     D:5: 2091 daAuts
     D:7: 1972 daAuts
     D:4: 1699 daAuts
     D:6: 1506 daAuts
     D:3: 1270 daAuts
     D:2: 1125 daAuts
     D:1: 959 daAuts
     D:9: 236 daAuts
    D:10: 136 daAuts
  Temple: 24 daAuts
